 Dungeon Sprint DCSS version 0.25-a0-59-gf342c8b036 (webtiles) character file.

Game seed: 7205738478864575286, levelgen mode: deterministic

638 ponchio the Thaumaturge (level 7, -7/36 HPs)
             Began as a Deep Elf Fire Elementalist on Oct 28, 2019.
             Shot with an arrow by a centaur (10 damage)
             ... in the Dungeon (Sprint V: "Ziggurat Sprint").
             The game lasted 00:06:16 (393 turns).

ponchio the Thaumaturge (Deep Elf Fire Elementalist) Turns: 393, Time: 00:06:16

Health: -7/36      AC:  2    Str:  5    XL:     7   Next: 25%
Magic:  20/25      EV: 13    Int: 34    God:
Gold:   0          SH:  0    Dex: 15    Spells: 26/32 levels left

rFire    . . .     SeeInvis .   H - staff of energy
rCold    + . .     Gourm    .   (no shield)
rNeg     . . .     Faith    .   I - +0 robe of Supple Strength {rElec rC+}
rPois    .         Spirit   .   (no helmet)
rElec    +         Reflect  .   (no cloak)
rCorr    .         Harm     .   (no gloves)
MR       .....     NoTele   +   (no boots)
Stlth    ++........             (no amulet)
HPRegen  0.12/turn              y - +6 ring of intelligence
MPRegen  0.19/turn              x - +6 ring of intelligence

@: studying Maces & Flails
A: no striking features
a: no special abilities


You were in the Dungeon.
You were not hungry.

You visited 1 branch

Inventory:

Hand Weapons
 E - the +6 Majin-Bo {vamp, Archmagi MP+6 Int+6}
   (You found it in the Dungeon)

   It inflicts no extra harm, but heals its wielder when it wounds a living foe.
   It affects your intelligence (+6).
   It affects your magic capacity (+6).
 G - the +7 great mace "Firestarter" {inner flame, rF++}
   (You found it in the Dungeon)

   It has been specially enchanted to burn those struck by it, causing extra
   injury to most foes and up to half again as much damage against particularly
   susceptible opponents.
   It greatly protects you from fire.
Armour
 a - a +0 robe
 F - the +15 Maxwell's patent armour {-Cast -Tele rElec MR+ rCorr}
   (You found it in the Dungeon)

   It insulates you from electricity.
   It affects your resistance to hostile enchantments.
   It prevents spellcasting.
   It prevents most forms of teleportation.
   It provides partial protection from all sources of acid and corrosion.
 I - the +0 robe of Supple Strength (worn) {rElec rC+}
   (You found it in the Dungeon)

   It protects you from cold.
   It insulates you from electricity.
Magical Staves
 H - an uncursed staff of energy (weapon)
Jewellery
 u - an uncursed ring of flight
 v - a +6 ring of dexterity
 w - a +6 ring of dexterity
 x - a +6 ring of intelligence (right hand)
 y - a +6 ring of intelligence (left hand)
 z - a +6 ring of strength
 A - a +6 ring of strength
Wands
 B - a wand of disintegration (7)
 C - a wand of iceblast (6)
 D - a wand of acid (7)
Scrolls
 i - 4 scrolls of blinking
 o - 4 scrolls of amnesia
 p - 7 scrolls of fog
 q - a scroll of holy word
 r - 5 scrolls of identify
 s - 5 scrolls of remove curse
 t - 2 scrolls of fear
Potions
 b - 2 potions of brilliance
 d - 10 potions of curing
 e - 10 potions of heal wounds
 f - 6 potions of haste
 g - 7 potions of magic
 h - 3 potions of berserk rage
 j - 2 potions of invisibility
 k - 4 potions of resistance
 m - 5 potions of agility
 n - 5 potions of might
Books
 l - a manual of Maces & Flails
Comestibles
 c - 7 rations


   Skills:
 - Level 2.4 Dodging
 - Level 2.4 Stealth
 + Level 13.0 Spellcasting
 + Level 11.0 Conjurations
 - Level 3.2 Fire Magic
 - Level 8.0 Evocations


You had 26 spell levels left.
You knew the following spells:

 Your Spells              Type           Power        Failure   Level  Hunger
a - Flame Tongue          Conj/Fire      #####        1%          1    None
b - Fireball              Conj/Fire      ######....   2%          5    None

Your spell library contained the following spells:

 Spells                   Type           Power        Failure   Level  Hunger
 Throw Flame              Conj/Fire      ######       1%          2    None
 Conjure Flame            Conj/Fire      ######..     1%          3    None
 Sticky Flame             Conj/Fire      ######..     1%          4    None
 Inner Flame              Hex/Fire       ####....     3%          3    None


Dungeon Overview and Level Annotations

Branches:
Dungeon (1/1)

Altars:
Ashenzari
Cheibriados
Dithmenos
Elyvilon
Fedhas
Gozag
Hepliaklqana
Kikubaaqudgha
Makhleb
Nemelex Xobeh
Okawaru
Qazlal
Ru
Sif Muna
Trog
Uskayaw
Vehumet
Wu Jian
Xom
Yredelemnul
Zin
The Shining One
Beogh
Jiyva
Lugonu

Annotations:
D 1 transporter


Message History

The centaur is almost dead.
The centaur shouts!
The fireball engulfs the yaktaur!!
The yaktaur is heavily wounded.
The yaktaur shouts!
The fireball engulfs the centaur!!
The centaur is almost dead.
The fireball engulfs the centaur!!
You kill the centaur!
Your Spellcasting skill increases to level 13!
Your Conjurations skill increases to level 11!
The centaur wields a +0 shortbow.
The centaur shoots an arrow.
The arrow hits you!
The centaur wields a +0 shortbow.
The centaur shoots an arrow.
The arrow hits you.
The yaktaur wields a +0 arbalest.
The yaktaur shoots a bolt.
The bolt hits you!!
Ouch! That really hurt!
* * * LOW HITPOINT WARNING * * *
The centaur shoots an arrow.
The arrow hits you!
You die...

▓..©..▓..©..▓▓▓▓▓▓▓
▓▓▓▓▓▓▓▓▓▓▓▓▓▓▓▓▓▓▓
▓..8©8...▓..8©8...▓
▓..=[....▓..=c)...▓
▓...}....▓..ccc...▓
▓...†....▓........▓
▓........▓........▓
▓.▓....▓.▓........▓
▓...©....▓...@....▓
▓▓▓▓▓▓▓▓▓▓▓▓▓▓▓▓▓▓▓


You could see 2 yaktaurs and 2 centaurs.

Vanquished Creatures
  2 porcupines (D)
  2 wolves (D)
  A centaur (D)
  2 quasits (D)
  An orc priest (D)
  An iguana (D)
  2 orc wizards (D)
  A river rat (D)
  2 jackals (D)
14 creatures vanquished.

Notes
Turn   | Place    | Note
-------+----------+-------------------------------------------
     0 | D        | ponchio the Deep Elf Fire Elementalist began the quest for
                  | the Orb.
     0 | D        | Reached XP level 1. HP: 10/10 MP: 6/6
     0 | D        | Found a shimmering blue altar of Sif Muna.
     0 | D        | Found a bloodstained altar of Trog.
     0 | D        | Found a sacrificial altar of Ru.
     0 | D        | Found a stormy altar of Qazlal.
     0 | D        | Found an iron altar of Okawaru.
     1 | D        | Found a sparkling altar of Nemelex Xobeh.
     1 | D        | Found a blossoming altar of Fedhas.
     2 | D        | Found the +6 Majin-Bo {vamp, Archmagi MP+6 Int+6}
     2 | D        | Found the +7 great mace "Firestarter" {inner flame, rF++}
     3 | D        | Found a transporter.
     3 | D        | Found an ancient bone altar of Kikubaaqudgha.
     3 | D        | Found a viscous altar of Jiyva.
     3 | D        | Found a corrupted altar of Lugonu.
     3 | D        | Found a hazy altar of Hepliaklqana.
     3 | D        | Found a burning altar of Makhleb.
     3 | D        | Found an opulent altar of Gozag.
    25 | D        | Found the +9 heavy crossbow "Sniper" {velocity, Acc+∞ SInv}
    25 | D        | Found the +10 dark maul {crush}
    25 | D        | Found the +15 Maxwell's patent armour {-Cast -Tele rElec
                  | MR+ rCorr}
    25 | D        | Found the +18 shield of the Gong {rElec rN+ MR+ EV-5}
    25 | D        | Found the cursed +14 obsidian axe {chop, +Fly SInv *Curse}
    27 | D        | Found the +6 shillelagh "Devastator" {shatter}
    27 | D        | Found the +11 plutonium sword {*Contam Stlth-}
    27 | D        | Found the +8 lance "Wyrmbane" {slay drac, rPois rF+ rC+
                  | AC+3}
    27 | D        | Found the +9 sword of Zonguldrok {reap}
    27 | D        | Found the cursed +13 scythe of Curses {drain, *Curse}
    27 | D        | Found the +0 sword of Power
    27 | D        | Found the +7 mace of Variability {chain chaos}
    27 | D        | Found the +7 Singing Sword {slice, sonic wave}
    27 | D        | Found the +8 storm bow {elec, penet}
    43 | D        | Reached XP level 2. HP: 15/15 MP: 7/9
    67 | D        | Entered arena 2.
    67 | D        | Found a transporter.
    73 | D        | Reached skill level 4 in Spellcasting
    73 | D        | Reached XP level 3. HP: 16/19 MP: 11/11
    75 | D        | Reached skill level 6 in Spellcasting
    75 | D        | Reached XP level 4. HP: 17/24 MP: 12/14
   167 | D        | Entered arena 3.
   167 | D        | Found a transporter.
   168 | D        | Identified the cursed +3 flail of the Spider Nest {vamp,
                  | rF+ MR- Dex+2}
   168 | D        | Reached skill level 7 in Spellcasting
   168 | D        | Reached skill level 5 in Conjurations
   171 | D        | Reached skill level 8 in Spellcasting
   171 | D        | Reached XP level 5. HP: 28/28 MP: 15/18
   193 | D        | Learned a level 5 spell: Fireball
   246 | D        | Entered arena 4.
   246 | D        | Noticed a wolf
   246 | D        | Noticed a porcupine
   246 | D        | Found a transporter.
   247 | D        | Reached skill level 9 in Spellcasting
   247 | D        | Killed a porcupine
   247 | D        | Reached skill level 10 in Spellcasting
   247 | D        | Reached XP level 6. HP: 32/32 MP: 13/21
   248 | D        | Reached skill level 11 in Spellcasting
   328 | D        | Entered arena 5.
   328 | D        | Noticed a porcupine
   328 | D        | Found a transporter.
   329 | D        | Reached skill level 10 in Conjurations
   329 | D        | Reached skill level 12 in Spellcasting
   330 | D        | Killed a porcupine
   330 | D        | Reached XP level 7. HP: 36/36 MP: 13/25
   337 | D        | Got the +0 robe of Supple Strength {rElec rC+}
   392 | D        | Entered arena 6.
   392 | D        | Noticed a yaktaur
   392 | D        | Noticed a yaktaur
   392 | D        | Found a transporter.
   393 | D        | Reached skill level 13 in Spellcasting
   393 | D        | Shot with an arrow by a centaur

Levels and vault maps discovered:
D:        sprint_v [room_start, room_1, room_2, room_3, room_4, room_5, room_6,
          room_7, room_8, room_9, room_10, room_11, room_12, room_13, room_14,
          room_15, room_16, room_17, room_18, room_19, room_20, room_21,
          room_22, room_23, room_24, room_25, room_26, room_27]

Skill      XL: |  1  2  3  4  5  6  7 |
---------------+----------------------+-----
Evocations     | 8 |  8.0
Spellcasting   | 4 6 8 10 12 13 | 13.0
Conjurations   | 3 4 6 8 10 11 | 11.0
Dodging        | |  2.4
Stealth        | |  2.4
Fire Magic     | |  3.2

Action                   |  1- 3 |  4- 6 |  7- 9 || total
-------------------------+-------+-------+-------++-------
Melee: Great mace        |     8 |     1 |       ||     9
 Cast: Fireball          |       |     3 |     2 ||     5
Evoke: Wand              |       |     1 |       ||     1
  Use: Potion            |     1 |       |       ||     1
Armor: Plate armour      |    64 |     1 |       ||    65
Dodge: Dodged            |     7 |       |       ||     7

Table legend:
 A = Non-vault XP
 B = Vault XP
 C = Vault XP percentage of total XP
 D = Non-vault monster count
 E = Vault monster count
 F = Vault count percentage of total count
                 A         B        C        D         E       F
            +---------+---------+-------+---------+---------+-------
      Total |       0 |     900 | 100.0 |       0 |      14 | 100.0
            +---------+---------+-------+---------+---------+-------
          D |       0 |     900 | 100.0 |       0 |      14 | 100.0
            +---------+---------+-------+---------+---------+-------
